 Dungeon Crawl Stone Soup version 0.31-a0-303-gdc8c9485ea (webtiles) character file.

Game seed: 3028011143020969793

188007 avis the Apostle (level 18, -16/168 HPs)
             Began as a Hill Orc Monk on July 11, 2023.
             Was a High Priest of Beogh.
             Hit by a silver javelin thrown by a merfolk javelineer (17 damage)
             ... on level 4 of the Shoals on July 16, 2023.
             The game lasted 06:38:01 (44970 turns).

avis the Apostle (Hill Orc Monk)                   Turns: 44970, Time: 06:38:02

Health: -16/168    AC: 20    Str: 26    XL:     18   Next: 8%
Magic:  36/41      EV: 12    Int: 13    God:    Beogh [*****.]
Gold:   419        SH: 13    Dex: 15    Spells: 1/17 levels left

rFire   + . .        a - +6 broad axe (spect)
rCold   + . .        h - +0 kite shield
rNeg    . . .        n - +4 ring mail of Loss {Will+ Dex+2 Slay+6}
rPois   +            H - +1 helmet
rElec   .            T - +2 cloak {rCorr}
rCorr   +            E - +0 pair of gloves of the Eternal Fruit {rPois rF+ SInv}
SInv    +            i - +0 pair of boots
Will    ++...        O - amulet of faith
Stlth   +            f - ring of wizardry
HPRegen 0.48/turn    Q - ring "Fouhimiq" {rC+ MP+9 Str+4 Int+3 Slay+5}
MPRegen 0.27/turn

%: faith, wizardry (x1)
@: mesmerised, studying 2 skills
A: walk on water
}: 1/15 runes: gossamer
a: Renounce Religion, Smiting, Recall Orcish Followers, Give Item to Named
Follower


You were on level 4 of the Shoals.
You worshipped Beogh.
Beogh was extremely pleased with you.
You visited 6 branches of the dungeon, and saw 31 of its levels.
You also visited: Bailey.

You collected 2836 gold pieces.
You spent 2417 gold pieces at shops.

Inventory:

Hand Weapons
 a - a +6 spectral broad axe (weapon)
 b - a +5 morningstar
 w - a +3 trident of distortion
Missiles
 e - 4 throwing nets
Armour
 h - a +0 kite shield (worn)
 i - a +0 pair of boots (worn)
 n - the +4 ring mail of Loss (worn) {Will+ Dex+2 Slay+6}
   (You bought it in a shop on level 2 of the Orcish Mines)

   Dex:       It affects your dexterity (+2).
   Slay:      It affects your accuracy & damage with ranged weapons and melee
   (+6).
   Will:      It increases your willpower.
 E - the +0 pair of gloves of the Eternal Fruit (worn) {rPois rF+ SInv}
   (You found it on level 8 of the Dungeon)

   rF:        It protects you from fire.
   rPois:     It protects you from poison.
   SInv:      It lets you see invisible.
 H - a +1 helmet (worn)
 T - a +2 cloak of preservation (worn)
Jewellery
 c - a ring of ice
 f - a ring of wizardry (left hand)
 K - a ring of positive energy
 O - an amulet of faith (around neck)
 Q - the ring "Fouhimiq" (right hand) {rC+ MP+9 Str+4 Int+3 Slay+5}
   (You found it on level 4 of the Lair of Beasts)

   [ring of protection from cold]

   Str:       It affects your strength (+4).
   Int:       It affects your intelligence (+3).
   Slay:      It affects your accuracy & damage with ranged weapons and melee
   (+5).
   rC:        It protects you from cold.
   MP:        It affects your magic capacity (+9).
Wands
 x - a wand of flame (35)
 y - a wand of iceblast (28)
 J - a wand of paralysis (57)
 N - a wand of mindburst (32)
 R - a wand of polymorph (10)
 Z - a wand of light (6)
Scrolls
 g - a scroll of poison
 m - a scroll of blinking
 q - 16 scrolls of teleportation
 s - 3 scrolls of fog
 t - 7 scrolls of fear
 D - a scroll of revelation
Potions
 d - 4 potions of ambrosia
 k - 3 potions of berserk rage
 l - 4 potions of haste
 o - 7 potions of resistance
 p - 10 potions of lignification
 r - 2 potions of invisibility
 u - 4 potions of cancellation
 v - 8 potions of brilliance
 C - 5 potions of curing
 G - 9 potions of enlightenment
 W - 8 potions of might
 Y - a potion of magic


   Skills:
 + Level 16.7 Fighting
 - Level 20.0 Axes
 - Level 12.0 Armour
 - Level 5.0 Dodging
 + Level 12.8 Shields
 - Level 10.0 Hexes
 * Level 11.2 Summonings
 - Level 6.0 Translocations
 - Level 20.0 Invocations


You had one spell level left.
You knew the following spells:

 Your Spells              Type           Power      Damage    Failure   Level
f - Summon Forest         Summ/Tloc      11%        N/A       21%         5
v - Summon Mana Viper     Hex/Summ       27%        N/A       10%         5
C - Summon Cactus Giant   Summ           14%        N/A       38%         6

Your spell library contained the following spells:

 Spells                   Type           Power      Damage    Failure   Level
 Apportation              Tloc           30%        N/A       2%          1
 Sting                    Tmut/Pois      0%         1d3       26%         1
 Dazzling Flash           Conj/Hex       26%        N/A       11%         3
 Inner Flame              Hex/Fire       13%        N/A       11%         3
 Animate Armour           Summ/Erth      28%        N/A       26%         4
 Summon Lightning Spire   Summ/Air       14%        N/A       26%         4
 Cigotuvi's Dreadful Rot  Necr/Pois/Air  0%         N/A       36%         2
 Poisonous Vapours        Pois/Air       0%         N/A       36%         2
 Sublimation of Blood     Necr           0%         N/A       36%         2
 Frozen Ramparts          Ice            0%         1d1       58%         3
 Hailstorm                Conj/Ice       0%         3d3       58%         3
 Ignite Poison            Fire/Tmut/Pois 0%         N/A       58%         3
 Metabolic Englaciation   Hex/Ice        6%         N/A       65%         5
 Silence                  Hex/Air        6%         N/A       65%         5
 Flame Wave               Conj/Fire      0%         2d4       92%         4
 Olgreb's Toxic Radiance  Pois           0%         N/A       92%         4
 Petrify                  Tmut/Erth      0%         N/A       92%         4
 Sticky Flame             Conj/Fire      0%         2d3       92%         4
 Agony                    Necr           0%         N/A       99%         5
 Alistair's Intoxication  Tmut/Pois      0%         N/A       99%         5
 Freezing Cloud           Conj/Ice/Air   0%         6-21      99%         5
 Irradiate                Conj/Tmut      0%         3d11      99%         5
 Iskenderun's Battlesphe  Conj           0%         2d6       99%         5
 Lee's Rapid Deconstruct  Erth           0%         3d4*      99%         5
 Leda's Unmaking          Conj/Erth      0%         9d1       100%        6
 Simulacrum               Ice/Necr       0%         N/A       100%        6
 Spellforged Servitor     Conj/Summ      7%         N/A       100%        7
 Ignition                 Fire           0%         3d3       100%        8


Dungeon Overview and Level Annotations

Branches:
Dungeon (15/15)            Temple (1/1) D:4            Lair (5/5) D:9
 Shoals (4/4) Lair:3       Spider (4/4) Lair:2        Slime (0/5) Lair:5
    Orc (2/2) D:10            Elf (0/3) Orc:2        Vaults (0/5) D:13
 Depths (0/4) D:15         Bailey (visited)

Altars:
Ashenzari
Cheibriados
Dithmenos
Elyvilon
Fedhas
Gozag
Hepliaklqana
Kikubaaqudgha
Makhleb
Nemelex Xobeh
Okawaru
Qazlal
Ru
Sif Muna
Trog
Uskayaw
Vehumet
Wu Jian
Xom
Yredelemnul
Zin
The Shining One
Beogh
Jiyva
Lugonu

Shops:
D:13 :   Orc:1 =   Orc:2 (*!*   Shoals:1 :   Shoals:3 *

Portals:
Abyss: Lair:5

Annotations:
D:3 2 runed translucent doors, bjtr's ghost, amateur DsNe
D:7 glass case with treasure


Message History

You feel much better.
Your orc knight no longer looks unusually strong.
You block the harpy's attack. The harpy completely misses you.
The merfolk javelineer throws a silver javelin.
The silver javelin pierces through you.
* * * LOW HITPOINT WARNING * * *
x2 The merfolk avatar chants its luring song.
The merfolk impaler hits you from afar with a +0 trident.
* * * LOW HITPOINT WARNING * * *
You block the alligator snapping turtle's attack.
Something hits the merfolk impaler.
Aiming: Smiting
Press: ? - help, Dir - move target, f - merfolk javelineer, p - merfolk impaler Smite: a merfolk javelineer, wielding a +3 spear of pain, wearing a +0 leather armour and quivering silver javelins You smite the merfolk javelineer!!!
The merfolk javelineer is severely wounded.
You block the harpy's attack. x2; The harpy claws you.
* * * LOW HITPOINT WARNING * * *
The harpy misses you.
The merfolk impaler hits something but does no damage.
The merfolk javelineer throws a silver javelin.
The silver javelin pierces through you!
* * * LOW HITPOINT WARNING * * *
x2 The merfolk avatar chants its luring song.
The merfolk impaler hits something but does no damage.
The alligator snapping turtle bites you but does no damage.
Okay, then.
Blink to where?
Press: ? - help, Dir - move target, p - merfolk javelineer You cannot blink away from the merfolk avatar!
Blink to where?
Press: ? - help, Dir - move target, f - you
Okay, then.
Blink to where?
Press: ? - help, Dir - move target
Found a barnacled rune of Zot.
As you read the scroll of blinking, it crumbles to dust.
The merfolk javelineer throws a silver javelin.
The silver javelin pierces through you!
You die...

*,,~~,,~*~~~~~,,,,,,~~~~~~~~~~~~~
~*,,,,~**~~~~~~~,,,,,~~~~~~~~~~~~
#~~~~~*#~~~~~~~~,,,,,~~~~~~~~~~~~
#######~~~~~~~~..,,,,,~~~~~~~~~~~
≈~~~~~....~~~~~..,,,,,~~~~~~~~~~~
≈≈~~≈≈.#,.~~~~~.,,,,,,~~~~~~~~~~~
≈≈≈≈≈≈≈###.~~~#######,~~~~~~~~~~~
≈≈≈≈≈≈≈..).~~##≈≈≈≈≈#*~~~~~~~~~~~
≈~≈≈~~~~....##~~@..#~**~~~~~~~~~~
≈~.~.~)~~...#~Hm≈≈.φ#~**~~~~~~~~~
~o..~≈~.....#~~#≈≈≈..≈#*~~~~~~~~~
~~.........~#H~≈##≈≈.≈#~~~~~~~~~~
~~........)~#~#~≈#≈≈.≈#~~~~~~~~~~
~~~.......).#§mm~≈#~.≈#~~~~~~~~~~
~~~~........~#t~#~~~~##~~~~~~~~~~
.~...........o#~~~~~##~~~~~~~~~~~
...#.........~~#####*~~~~~~~~~~~~


You could see an alligator snapping turtle, a merfolk avatar (mesmerising), a
merfolk impaler (distracted, ally target), a merfolk javelineer, 2 harpies and
the friendly Ognian the orc knight (strong).

Vanquished Creatures
  Nikola (Spider:4)
  Arachne (Spider:2)
  Mlioglotl (Spider:1)
  A kraken (Shoals:1)
  Asterion (Spider:3)
  Agnes (D:14)
  Kirke (Lair:4)
  Roxanne (Spider:1)
  A fenstrider witch (Shoals:1)
  Louise (Spider:4)
  3 ghost moths
  A stone giant (D:15)
  6 broodmothers
  The ghost of Dittersdorf the Blocker, a journeyman GrFi of Okawaru (Orc:2)
  A merfolk javelineer (Shoals:4)
  Snorg (D:14)
  5 merfolk impalers
  2 entropy weavers
  2 hydras
  Harold (D:9)
  An alligator snapping turtle (Shoals:4)
  Erica (D:11)
  A radroach (Spider:4)
  5 centaur warriors
  5 death yaks (Lair:5)
  6 two-headed ogres
  3 boulder beetles
  5 tengu warriors
  4 satyrs
  8 demonic crawlers
  2 thrashing horrors (Lair:5)
  5 skeletal warriors (D:14)
  11 pharaoh ants
  3 skysharks (Shoals:2)
  2 sea snakes
  7 orb spiders
  A lindwurm (shapeshifter) (Lair:5)
  Pikel (D:6)
  2 large abominations (Lair:5)
  8 harpies
  10 wolf spiders
  3 steelbarb worms
  An orc knight (Orc:2)
  An orc sorcerer (Orc:2)
  8 ugly things
  3 deep elf pyromancers
  12 manticores
  A cyclops (Shoals:2)
  10 fauns
  6 merfolk sirens
  An elephant (Lair:5)
  5 water nymphs
  3 black mambas
  A gargoyle (D:11)
  4 cane toads
  A kobold demonologist (D:13)
  2 rime drakes
  5 torpor snails
  3 komodo dragons
  An efreet (D:8)
  A tengu conjurer (D:15)
  16 merfolk
  A polar bear (Lair:5)
  An ancient zyme (Lair:5)
  7 trolls
  2 meliai
  A troll (shapeshifter) (Lair:5)
  A meliai (shapeshifter) (D:15)
  16 tarantellas
  4 wind drakes
  9 blink frogs
  7 snapping turtles
  2 tarantellas (shapeshifter)
  3 dream sheep (Shoals:2)
  Sigmund (D:4)
  21 jumping spiders
  7 slime creatures
  2 shadows (D:10)
  A spriggan (Lair:5)
  A water elemental (Shoals:3)
  4 wyverns
  2 ynoxinuls (Lair:5)
  15 culicivoras
  18 yaks
  A hog (Lair:4)
  32 redbacks
  3 vampire mosquitoes (D:14)
  5 basilisks
  2 wargs (Orc:2)
  A harpy simulacrum (D:15)
  2 acid dragons
  7 water moccasins
  9 orc warriors
  3 sky beasts
  An ice beast (D:5)
  2 black bears
  5 small abominations (Lair:5)
  15 centaurs
  3 ogres
  4 wolves
  4 lemures (D:6)
  A phantom (D:6)
  A kobold brigand (D:8)
  8 bullfrogs
  2 gnoll sergeants (D:9)
  5 scorpions
  9 wights
  11 killer bees
  2 troll zombies (D:10)
  3 howler monkeys (D:9)
  A crimson imp (D:3)
  A gnoll bouda (D:7)
  5 orc priests
  4 hounds
  2 iguanas
  3 sleepcaps
  Natasha (thrice) (D:2)
  11 orc wizards
  4 hell rats
  Terence (D:3)
  3 ogre zombies (D:10)
  5 gnolls (D:6)
  6 adders
  3 white imps
  3 worms
  35 orcs
  5 endoplasms
  2 giant cockroaches
  7 goblins
  8 hobgoblins
  10 jackals
  5 quokkas
  7 ball pythons
  A bat (D:2)
  5 frilled lizards
  A goblin skeleton (D:10)
  4 goblin zombies (D:10)
  A hobgoblin skeleton (D:10)
  3 hobgoblin zombies (D:10)
  7 kobolds
  An orc skeleton (D:10)
  9 orc zombies (D:10)
  4 rats
  A spectral weapon (Spider:3)
  4 tentacles (Shoals:1)
654 creatures vanquished.

Vanquished Creatures (collateral kills)
  Donald (Spider:1)
  A broodmother (Spider:4)
  An ettin (Orc:2)
  An entropy weaver (Spider:1)
  A merfolk javelineer (Shoals:4)
  2 hydras
  An ogre mage (D:13)
  A centaur warrior (D:15)
  A jorogumo (Spider:4)
  3 boulder beetles
  A merfolk avatar (Shoals:2)
  A radroach (Spider:2)
  3 two-headed ogres
  A satyr (Shoals:3)
  3 demonic crawlers
  2 tengu warriors (D:15)
  A thrashing horror (Lair:5)
  A death yak (Lair:5)
  A pharaoh ant (Spider:1)
  A skyshark (Lair:5)
  An orb spider (Spider:1)
  3 sea snakes
  2 harpies (Shoals:4)
  An orc knight (Orc:2)
  2 deep elf pyromancers
  3 steelbarb worms
  4 wolf spiders
  3 ugly things
  4 cyclopes
  3 manticores
  A faun (Shoals:4)
  2 moths of wrath
  3 elephants (Lair:5)
  5 black mambas
  7 cane toads
  A rime drake (Lair:1)
  2 komodo dragons
  A polar bear (Lair:1)
  3 merfolk
  4 trolls
  22 blink frogs
  A tarantella (Spider:1)
  A snapping turtle (Shoals:2)
  4 dream sheep
  2 slime creatures
  7 jumping spiders
  3 hogs (Lair:4)
  23 yaks
  6 culicivoras
  7 basilisks
  2 wyverns
  A water elemental (Shoals:2)
  Grum (Lair:1)
  A chaos spawn (Lair:5)
  14 redbacks
  A steam dragon (D:8)
  An acid dragon (D:10)
  7 water moccasins
  8 orc warriors
  3 black bears (D:9)
  A phantom (D:10)
  12 wolves
  6 centaurs
  A kobold brigand (D:9)
  6 bullfrogs
  A wight (D:9)
  5 small abominations (Lair:5)
  A troll zombie (D:10)
  4 killer bees (Lair:2)
  An electric eel (Lair:5)
  5 orc priests
  9 hell rats
  6 orc wizards
  2 ogre zombies (D:10)
  14 orcs
  A hobgoblin (D:9)
  3 kobolds (D:9)
  3 goblin zombies (D:10)
  A hobgoblin zombie (D:10)
  An orc skeleton (D:10)
  An orc zombie (D:10)
282 creatures vanquished.

Vanquished Creatures (others)
  An orc warlord (Orc:2)
  A merfolk aquamancer (Shoals:4)
  An orc high priest (Spider:2)
  3 orc knights
  2 orc sorcerers (Orc:2)
  2 orc warriors (Orc:2)
  A human (Lair:4)
  4 orc priests (Orc:2)
  7 orc wizards
  20 orcs
  3 spectral weapons
  4 tentacles (Shoals:1)
49 creatures vanquished.

Grand Total: 985 creatures vanquished

Notes
Turn   | Place    | Note
-------+----------+-------------------------------------------
     0 | D:1      | avis the Hill Orc Monk began the quest for the Orb.
     0 | D:1      | Reached XP level 1. HP: 19/19 MP: 1/1
   214 | D:1      | Reached XP level 2. HP: 24/26 MP: 2/2
   231 | D:1      | Reached skill level 5 in Axes
   551 | D:1      | Reached XP level 3. HP: 31/31 MP: 3/3
  1079 | D:2      | Noticed Natasha
  1089 | D:2      | Killed Natasha
  1090 | D:2      | Reached XP level 4. HP: 29/39 MP: 2/4
  1131 | D:2      | Noticed Natasha
  1150 | D:2      | Killed Natasha
  1423 | D:2      | Noticed Natasha
  1433 | D:2      | Killed Natasha
  1434 | D:2      | Reached XP level 5. HP: 45/45 MP: 3/5
  1476 | D:3      | Found a runed translucent door.
  1533 | D:3      | Found a runed translucent door.
  1648 | D:3      | Noticed Terence
  1663 | D:3      | Killed Terence
  1890 | D:3      | Noticed bjtr's ghost (amateur DsNe)
  2236 | D:3      | Found a burning altar of Makhleb.
  2236 | D:3      | Found a shimmering altar of Xom.
  2656 | D:4      | Reached XP level 6. HP: 52/52 MP: 6/6
  2834 | D:4      | Found a staircase to the Ecumenical Temple.
  2843 | Temple   | Entered the Ecumenical Temple
  3179 | D:4      | Noticed Sigmund
  3191 | D:4      | Killed Sigmund
  3192 | D:4      | Reached skill level 10 in Axes
  3192 | D:4      | Reached XP level 7. HP: 51/59 MP: 5/7
  3954 | D:5      | Entered Level 5 of the Dungeon
  4177 | D:4      | Reached skill level 1 in Armour
  4234 | D:4      | Became a worshipper of Beogh the Brigand
  4234 | D:4      | Reached * piety under Beogh
  4234 | D:4      | Reached ** piety under Beogh
  4398 | D:5      | Reached skill level 1 in Invocations
  4414 | D:5      | Reached XP level 8. HP: 29/66 MP: 3/9
  5158 | D:6      | Reached skill level 5 in Fighting
  5399 | D:6      | Reached skill level 5 in Invocations
  5603 | D:6      | Noticed Pikel
  5687 | D:6      | Killed Pikel
  5688 | D:6      | Reached XP level 9. HP: 64/74 MP: 10/15
  6589 | D:7      | Found a glowing silver altar of Zin.
  6589 | D:7      | Found a snail-covered altar of Cheibriados.
  6597 | D:7      | Found a radiant altar of Vehumet.
  6599 | D:7      | Found a stormy altar of Qazlal.
  6601 | D:7      | Found an ancient bone altar of Kikubaaqudgha.
  6757 | D:7      | Found a basalt altar of Yredelemnul.
  6785 | D:7      | Reached skill level 10 in Invocations
  6937 | D:7      | Reached *** piety under Beogh
  7771 | D:8      | Reached XP level 10. HP: 41/81 MP: 8/18
  8178 | D:8      | Noticed a manticore
  8194 | D:8      | Killed a manticore
  8214 | D:8      | Gained Bogbarth as an ally
  8428 | D:8      | Identified the +0 pair of gloves of the Eternal Fruit
                  | {rPois rF+ SInv}
  8443 | D:8      | Noticed a centaur warrior
  8457 | D:8      | Killed a centaur warrior
  8851 | D:8      | Noticed a tengu warrior
  8871 | D:8      | Killed a tengu warrior
  9596 | D:9      | Found a staircase to the Lair.
  9597 | D:9      | Noticed Harold
  9598 | D:9      | Noticed a two-headed ogre
  9611 | D:9      | Killed a two-headed ogre
  9612 | D:9      | Reached XP level 11. HP: 33/86 MP: 10/21
  9615 | D:9      | Reached skill level 15 in Axes
  9620 | D:9      | Killed Harold
  9663 | D:9      | Noticed a two-headed ogre
  9700 | D:9      | Killed a two-headed ogre
  9736 | D:9      | Upgraded the game from 0.31-a0-236-g9a0961fb85 to
                  | 0.31-a0-237-g2d982f9f85
  9753 | D:9      | Reached skill level 15 in Invocations
  9771 | D:9      | Found a white marble altar of Elyvilon.
  9797 | D:9      | Found a flagged portal.
  9840 | Bailey   | Entered a bailey
  9844 | Bailey   | Reached **** piety under Beogh
 11981 | D:9      | Noticed a two-headed ogre
 11991 | D:9      | Killed a two-headed ogre
 12162 | Temple   | Reached XP level 12. HP: 103/103 MP: 24/24
 12849 | Lair:1   | Entered Level 1 of the Lair of Beasts
 12892 | Lair:1   | Noticed Grum
 12898 | Lair:1   | Killed Grum
 13320 | Lair:1   | Reached skill level 10 in Fighting
 13959 | D:10     | Entered Level 10 of the Dungeon
 13966 | D:10     | Reached XP level 13. HP: 112/113 MP: 23/26
 13974 | D:10     | Found a staircase to the Orcish Mines.
 13975 | D:10     | Reached ***** piety under Beogh
 13982 | D:10     | Gained Bogmar as an ally
 14815 | Lair:2   | Found a hole to the Spider Nest.
 14881 | Lair:2   | Identified the +3 flail of Watchfulness {drain, rF+}
 15008 | Lair:2   | Reached skill level 10 in Shields
 15178 | Lair:2   | Gained Orkwin as an ally
 15711 | Lair:1   | Upgraded the game from 0.31-a0-237-g2d982f9f85 to
                  | 0.31-a0-246-g8cbcc1cb85
 15845 | Lair:3   | Found a staircase to the Shoals.
 15934 | Lair:3   | Reached ****** piety under Beogh
 16212 | Lair:3   | Identified the +6 quarterstaff of Anger {venom, rElec rN+
                  | Str+3}
 16312 | Lair:3   | You fall into a shaft and drop 2 floors!
 16312 | Lair:5   | Entered Level 5 of the Lair of Beasts
 16414 | Lair:4   | Identified the ring "Fouhimiq" {rC+ MP+9 Str+4 Int+3
                  | Slay+5}
 16578 | Orc:1    | Entered Level 1 of the Orcish Mines
 16585 | Orc:1    | Found a roughly hewn altar of Beogh.
 16849 | Orc:1    | Found a roughly hewn altar of Beogh.
 17260 | Orc:1    | Upgraded the game from 0.31-a0-246-g8cbcc1cb85 to
                  | 0.31-a0-263-ge8cad7f256
 17269 | Orc:2    | Entered Level 2 of the Orcish Mines
 18271 | Lair:4   | Noticed Kirke
 18285 | Lair:4   | Reached skill level 5 in Armour
 18285 | Lair:4   | Killed Kirke
 18504 | Lair:4   | Found an ancient bone altar of Kikubaaqudgha.
 19550 | Lair:5   | Reached XP level 14. HP: 75/127 MP: 28/28
 20417 | Lair:5   | Identified the staff "Hyimopse" {Contam rElec Will- Int+8
                  | Dex+3 Air}
 20512 | Lair:5   | Found a corrupted altar of Lugonu.
 20512 | Lair:5   | Found a one-way gate to the infinite horrors of the Abyss.
 20742 | Lair:5   | Reached skill level 15 in Fighting
 21050 | Orc:2    | Found a staircase to the Elven Halls.
 21221 | Orc:2    | Gained Zorug as an ally
 21222 | Orc:2    | Your ally Zorug died
 21980 | Lair:5   | Found a viscous altar of Jiyva.
 21980 | Lair:5   | Found a staircase to the Slime Pits.
 23203 | D:11     | Noticed Erica
 23211 | D:11     | Killed Erica
 23245 | D:11     | Identified the +0 scale mail of the Frog {SInv}
 25734 | D:13     | Found an iron altar of Okawaru.
 26001 | D:13     | Reached XP level 15. HP: 47/141 MP: 29/29
 26242 | D:13     | Found a gate to the Vaults.
 26677 | D:13     | Found Ocsur's Book Boutique.
 26700 | D:13     | Reached skill level 10 in Armour
 27033 | D:14     | Noticed Agnes
 27042 | D:14     | Killed Agnes
 27367 | D:14     | Noticed Snorg
 27373 | D:14     | Killed Snorg
 27541 | D:14     | Reached skill level 5 in Dodging
 28349 | D:15     | Entered Level 15 of the Dungeon
 29157 | D:15     | Found a staircase to the Depths.
 29835 | Lair:1   | Learned a level 5 spell: Summon Mana Viper
 29956 | Spider:1 | Entered Level 1 of the Spider Nest
 30162 | Lair:2   | Gained Bogfrid as an ally
 30426 | Lair:2   | Reached skill level 1 in Summonings
 30545 | Spider:1 | Reached skill level 1 in Hexes
 30804 | Spider:1 | Noticed Mlioglotl
 30810 | Spider:1 | Noticed a balrug
 30815 | Spider:1 | Killed Mlioglotl
 31208 | Spider:1 | Noticed Roxanne
 31229 | Spider:1 | Killed Roxanne
 31555 | Spider:1 | Gained Warbeogh as an ally
 31632 | Spider:1 | Noticed Donald
 31641 | Spider:1 | Killed Donald
 31997 | Spider:1 | Reached XP level 16. HP: 75/132 MP: 30/30
 33651 | Orc:1    | Found Amamass's Jewellery Boutique.
 33750 | Orc:2    | Found Dusubuys's General Store.
 33750 | Orc:2    | Found Enumahan's Antique Weapon Shop.
 33753 | Orc:2    | Found Kuisusirus's Distillery.
 33755 | Orc:2    | Found Cialaenu's Assorted Antiques.
 33819 | Orc:2    | Noticed Dittersdorf's ghost (journeyman GrFi)
 33820 | Orc:2    | Found a bloodstained altar of Trog.
 33828 | Orc:2    | Found a transporter.
 33834 | Orc:2    | Found a transporter.
 34060 | Orc:2    | HP: 6/149 [ettin/+0 antimagic giant spiked club (4)]
 34064 | Orc:2    | Your ally Bogfrid died
 34066 | Orc:2    | Reached skill level 5 in Summonings
 34070 | Orc:2    | HP: 5/151 [Dittersdorf's ghost (5)]
 34074 | Orc:2    | Killed Dittersdorf's ghost
 34454 | Lair:1   | Upgraded the game from 0.31-a0-263-ge8cad7f256 to
                  | 0.31-a0-271-gb88eb75e06
 34622 | Spider:2 | Identified the +1 hand axe of Watchfulness {drain, rElec
                  | rF+ MP+9 Stlth+}
 35063 | Spider:2 | Noticed Arachne
 35077 | Spider:2 | Killed Arachne
 35077 | Spider:2 | Gained Worak as an ally
 35078 | Spider:2 | Reached skill level 5 in Hexes
 35679 | Orc:2    | Bought a scroll of poison for 64 gold pieces
 35679 | Orc:2    | Bought the +4 ring mail of Loss {Will+ Dex+2 Slay+6} for
                  | 1056 gold pieces
 35691 | Orc:2    | Bought a potion of heal wounds for 60 gold pieces
 35691 | Orc:2    | Bought a potion of curing for 36 gold pieces
 35691 | Orc:2    | Bought a potion of curing for 36 gold pieces
 35691 | Orc:2    | Bought a potion of resistance for 120 gold pieces
 35692 | Orc:2    | Bought a dented silver amulet for 140 gold pieces
 35697 | Orc:2    | Bought a scroll of enchant weapon for 120 gold pieces
 35697 | Orc:2    | Bought a scroll of enchant weapon for 120 gold pieces
 35743 | Orc:1    | Bought a blade talisman for 560 gold pieces
 35773 | Orc:1    | Upgraded the game from 0.31-a0-271-gb88eb75e06 to
                  | 0.31-a0-277-g31ea1f65cc
 35921 | Lair:1   | Learned a level 5 spell: Summon Forest
 36416 | Spider:3 | Noticed Asterion
 36429 | Spider:3 | Killed Asterion
 37786 | Spider:4 | Entered Level 4 of the Spider Nest
 37881 | Spider:4 | Noticed Louise
 37897 | Spider:4 | Killed Louise
 37930 | Spider:4 | Noticed Nikola
 37944 | Spider:4 | Killed Nikola
 38171 | Spider:4 | Gained Milork as an ally
 38425 | Spider:4 | Reached XP level 17. HP: 151/158 MP: 31/31
 38655 | Spider:4 | Gained Arbeogh as an ally
 39178 | Spider:4 | Gained Ognian as an ally
 39534 | Spider:4 | Gained Bogfrid as an ally
 39547 | Spider:4 | Reached skill level 10 in Summonings
 39578 | Spider:4 | Got a gossamer rune of Zot
 39814 | Shoals:1 | Entered Level 1 of the Shoals
 39837 | Shoals:1 | Reached skill level 1 in Translocations
 40318 | Shoals:1 | Noticed a kraken
 40325 | Shoals:1 | Killed a kraken
 40440 | Shoals:1 | Found Urocuj's Book Shop.
 41023 | Lair:1   | Learned a level 6 spell: Summon Cactus Giant
 41311 | Shoals:2 | Gained Orik as an ally
 41446 | Shoals:2 | Reached skill level 10 in Hexes
 41557 | Shoals:2 | Reached skill level 5 in Translocations
 42145 | Shoals:2 | Gained Wargath as an ally
 42631 | Lair:1   | Upgraded the game from 0.31-a0-277-g31ea1f65cc to
                  | 0.31-a0-303-gdc8c9485ea
 42777 | Shoals:3 | Found Jieloc's General Store.
 42788 | Shoals:3 | Bought a scroll of enchant weapon for 105 gold pieces
 42892 | Shoals:3 | Gained Boderik as an ally
 44136 | Shoals:4 | Entered Level 4 of the Shoals
 44933 | Shoals:4 | Reached XP level 18. HP: 90/168 MP: 32/32
 44960 | Shoals:4 | Gained Ognian as an ally
 44967 | Shoals:4 | HP: 8/168 [alligator snapping turtle (28)]
 44969 | Shoals:4 | HP: 1/168 [merfolk javelineer/silver javelin (3)]
 44970 | Shoals:4 | Hit by a silver javelin thrown by a merfolk javelineer

Illustrated notes

Levels and vault maps discovered:
D:1:      tarquinn_simple_flora_water_e, layout_rooms, serial_bayou,
          serial_bayou_lake_a, serial_bayou_lagoon_a, serial_bayou_pond_d,
          serial_bayou_crossing
D:2:      layout_loops_ring, kennysheep_generic_room_13, uniq_natasha
D:3:      layout_rooms, grunt_temple_overflow_champion_of_chaos,
          ebering_ghost_sewer_f, chequers_serial_rivers_micro_c,
          nrook_mini_backslash, guppyfry_early_orc_mine, uniq_terence
D:4:      layout_basic, minmay_temple_entry_stoned_glass, serial_glass,
          glass_columns_a, glass_columns_b, grunt_ministairs_9, uniq_sigmund
D:5:      layout_cave_pools
D:6:      layout_loops_cross, uniq_pikel
D:7:      layout_basic, chequers_temple_overflow_minitemple,
          mainiacjoe_overflow_concentric_impassable, serial_glass,
          glass_columns_a, glass_columns_a, due_unseen_surprise
D:8:      minmay_curly_fans, layout_rooms
D:9:      layout_loops_ring, mainiacjoe_overflow_cross_hatched,
          due_lair_maze_entry_diamond, enter_bailey_4, st_stairs_2,
          minmay_misc_feat_pillars, uniq_harold
D:10:     layout_cave_pools, zombieorc2_lemuel
D:11:     layout_long_grid, uniq_erica
D:12:     layout_layer_cave, chequers_arboretum, eino_curves_01
D:13:     layout_cave_pods, david_vaults_2, serial_shops,
          nicolae_shop_tiny_glass, okawaru_trees_1
D:14:     layout_loops_ring, minmay_crystal_room, hive_lemuel, uniq_agnes,
          uniq_snorg
D:15:     grunt_enter_depths_snipers, layout_basic,
          minmay_misc_feat_four_crosses
Temple:   compressed_dpeg_triangle_lava_temple
Lair:1:   layout_gridlike, uniq_grum
Lair:2:   layout_chaotic_city, hellmonk_spider_entry_not_the_bees,
          chequers_serial_rivers_room_a, chequers_serial_rivers_small_a,
          grunt_megastairs_1
Lair:3:   layout_cave_shapes, minmay_shoals_entry_centaurs
Lair:4:   layout_loops_ring, basic_altar, infiniplex_staircase_pool_2,
          uniq_kirke
Lair:5:   hellmonk_lair_end_abyssal_woods, layout_layer_cave,
          dpeg_slime_entry_enclosed, lemuel_fruit_fields, serial_bayou_shore_a
Shoals:1: layout_shoals, serial_shops, shop,
          nicolae_shoals_beach_house_on_fowls_legs
Shoals:2: layout_shoals
Shoals:3: layout_shoals, nicolae_stop_n_shop_2
Shoals:4: shoals_end_hangedman, layout_shoals, serial_shops, shop,
          uniq_bai_suzhen
Spider:1: layout_chambers, uniq_roxanne, uniq_mlioglotl, uniq_donald
Spider:2: layout_cave_pods, uniq_arachne
Spider:3: layout_spider_delve, uniq_asterion
Spider:4: hellmonk_spider_rune_endless_swarm, guppyfry_spider_mini_1,
          uniq_nikola, uniq_louise
Orc:1:    layout_caves, serial_shops, nicolae_shop_back_alley_shop, basic_altar,
          mines1_david
Orc:2:    st_orc_mages, layout_caves, gammafunk_ghost_wrathful_warriors

Skill      XL: |  1  2  3  4  5  6  7  8  9 10 11 12 13 14 15 16 17 18 |
---------------+-------------------------------------------------------+-----
Axes           | 5 6 7 8 10 11 12 13 14 16 19 20 | 20.0
Fighting       | 4 5 8 10 12 15 16 | 16.7
Armour         | 1 2 3 6 9 11 12 | 12.0
Invocations    | 2 8 10 13 17 18 20 | 20.0
Dodging        | 3 5 |  5.0
Shields        | 6 8 10 12 | 12.8
Summonings     | 3 9 10 11 | 11.2
Hexes          | 2 8 10 | 10.0
Translocations | 6 |  6.0

Action                     |  1- 3 |  4- 6 |  7- 9 | 10-12 | 13-15 | 16-18 || total
---------------------------+-------+-------+-------+-------+-------+-------++-------
  Melee: Hand axe          |    97 |    50 |       |       |       |       ||   147
         War axe           |       |   105 |   316 |   298 |   126 |       ||   845
         Punch             |       |       |     1 |     2 |       |       ||     3
         Spear             |       |       |       |    12 |       |       ||    12
         Battleaxe         |       |       |       |       |   529 |       ||   529
         Morningstar       |       |       |       |       |     9 |       ||     9
         Unarmed           |       |       |       |       |     1 |       ||     1
         Broad axe         |       |       |       |       |   105 |   491 ||   596
   Fire: Orcbow            |       |       |       |     3 |       |       ||     3
 Invoke: Convert to Beogh  |       |       |     1 |       |       |       ||     1
         Smiting           |       |       |     1 |     4 |    12 |    16 ||    33
         Recall Orcish Fol |       |       |       |     7 |    27 |    23 ||    57
         Stop Recall       |       |       |       |     2 |    12 |    12 ||    26
         Give Item to Name |       |       |       |       |     4 |     9 ||    13
         Resurrection      |       |       |       |       |     2 |     2 ||     4
  Evoke: Wand              |       |       |     4 |    21 |     1 |     1 ||    27
    Use: Potion            |       |       |     2 |     5 |     4 |     8 ||    19
         Scroll            |       |       |     4 |     1 |    12 |    20 ||    37
   Stab: Distracted        |       |       |       |     2 |     9 |    13 ||    24
         Paralysed         |       |       |       |     5 |       |       ||     5
 Armour: Ring mail         |    25 |       |       |       |       |   106 ||   131
         Chain mail        |    26 |    83 |   167 |   172 |       |       ||   448
         Crystal plate arm |       |       |       |    28 |   536 |   139 ||   703
  Dodge: Dodged            |    38 |    38 |   110 |   181 |   264 |   176 ||   807
  Block: Buckler           |       |       |       |    43 |    48 |       ||    91
         Kite shield       |       |       |       |       |    48 |   277 ||   325

Table legend: (Time is in decaauts)
 A = Elapsed time spent in this place.
 B = Non-inter-level travel time spent in this place.
 C = Inter-level travel time spent in this place.
 D = Time resting spent in this place.
 E = Time spent auto-exploring this place.
 F = Levels seen in this place.
 G = Mean time per level.
                   A        B        C        D        E       F      G
               +--------+--------+--------+--------+--------+-----+--------+
         Total |  44835 |  36839 |   7996 |  10117 |  11270 |  32 | 1401.1 |
       Dungeon |  19367 |  15348 |   4019 |   4269 |   7071 |  15 | 1291.1 |
        Temple |    359 |    337 |     22 |      0 |    224 |   1 |  359.0 |
          Lair |   9744 |   7440 |   2304 |   1390 |   2145 |   5 | 1948.8 |
        Shoals |   4327 |   3801 |    526 |    854 |      0 |   4 | 1081.8 |
   Spider Nest |   6287 |   5601 |    686 |   1874 |   1568 |   4 | 1571.8 |
  Orcish Mines |   2657 |   2219 |    438 |    559 |    262 |   2 | 1328.5 |
        Bailey |   2092 |   2092 |      0 |   1171 |      0 |   1 | 2092.0 |
               +--------+--------+--------+--------+--------+-----+--------+

Top non-repeatable levels by time:
Spider:1: 2641 daAuts
  Lair:1: 2565 daAuts
  Lair:2: 2352 daAuts
  Bailey: 2092 daAuts
     D:9: 1944 daAuts
Shoals:1: 1747 daAuts
     D:4: 1695 daAuts
  Lair:4: 1693 daAuts
  Lair:5: 1670 daAuts
    D:14: 1650 daAuts
     D:7: 1626 daAuts
    D:12: 1585 daAuts
  Lair:3: 1461 daAuts
   Orc:1: 1433 daAuts
    D:11: 1423 daAuts
